 Dungeon Crawl Stone Soup version 0.23-a0-607-g760965b (console) character file.

28 Duffy the Chopper (level 3, -2/32 HPs)
             Began as a Naga Gladiator on Dec 20, 2018.
             Slain by Sigmund
             ... wielding a +0 scythe
              (6 damage)
             ... on level 2 of the Dungeon.
             The game lasted 00:00:48 (281 turns).

Duffy the Chopper (Naga Gladiator)                   Turns: 281, Time: 00:00:48

Health: -2/32      AC:  6    Str: 16 (17) XL:     3   Next: 14%
Magic:  3/3        EV:  7    Int:  5 (8)  God:
Gold:   27         SH:  0    Dex: 10 (12) Spells: 2/2 levels left

rFire    . . .     SeeInvis +   a - +0 war axe
rCold    . . .     Gourm    .   (no shield)
rNeg     . . .     Faith    .   i - +0 ring mail
rPois    +         Spirit   .   c - +0 helmet
rElec    .         Reflect  .   (no cloak)
rCorr    .         Harm     .   e - +1 pair of gloves
MR       .....                  (no barding)
Stlth    ..........             (no amulet)
HPRegen  0.10/turn              j - -2 ring of evasion (curse)
MPRegen  0.08/turn              (no ring)

@: very slow
A: large, see invisible, deformed body, poison resistance, slowness 2, slow
metabolism 1, spit poison 1, AC +1
a: Spit Poison


You were on level 2 of the Dungeon.
You were not hungry.

You visited 1 branch of the dungeon, and saw 2 of its levels.

You collected 27 gold pieces.

Inventory:

Hand Weapons
 a - a +0 war axe (weapon)
Missiles
 d - 3 throwing nets (quivered)
Armour
 c - a +0 helmet (worn)
 e - a +1 pair of gloves (worn)
 i - a +0 ring mail (worn)
Jewellery
 j - a cursed -2 ring of evasion (left hand)
Scrolls
 h - a scroll of enchant armour {unknown}
Comestibles
 f - 2 rations
 g - 3 chunks of flesh


   Skills:
 - Level 2.0 Fighting
 + Level 4.2 Axes
 - Level 1.7 Throwing
 - Level 2.4 Dodging


You had 2 spell levels left.
You didn't know any spells.
Your spell library was empty.

Dungeon Overview and Level Annotations

Branches:
Dungeon (2/15)

Altars:

Annotations:
D:2 Robin, Sigmund


Innate Abilities, Weirdness & Mutations

You cannot wear boots.
Your serpentine skin is tough. (AC +1)
You have supernaturally acute eyesight. (SInv)
Armour fits poorly on your strangely shaped body.
Your system is resistant to poisons. (rPois)
You cover ground very slowly.
You have a slow metabolism.
You can spit poison.


Message History

It was a potion of degeneration.
There was something very wrong with that liquid.
You feel weakened.
You feel dopey.
You feel clumsy. Sigmund hits you but does no damage.
The goblin hits you with a +0 club.
You aren't carrying any potions.
Unknown command.
You closely miss Sigmund.
Sigmund is heavily wounded.
You hit the goblin. The goblin hits you with a +0 club.
Sigmund hits you but does no damage.
You barely miss Sigmund.
Sigmund is heavily wounded.
You closely miss the goblin.
You have got your breath back.
A goblin comes into view.
The goblin barely misses you.
Robin roars a battlecry!
The goblin goes into a battle-frenzy!
Sigmund hits you with a +0 scythe.
You die...

. #.. #.g.# #.#..
########...# ##.#.g
#..........#########
......##.#####......#......
#......#.#####.#.##.#.#####
#..gg.%..............##
##.#g#####..)...#.##.##
#@#@#####......#......
#.#g@..........#......
#.#######.....###.#.## #..
#.....# #.#.## ### ###.###
#.#.## #.# #.#.## ... ....
#.


You could see Sigmund (invisible), Robin and 4 goblins.

Vanquished Creatures
  A gnoll (D:1)
  An adder (D:2)
  A giant cockroach (D:1)
  A kobold (D:2)
  A quokka (D:2)
  2 bats
  A frilled lizard (D:2)
  2 goblins
  2 rats (D:1)
12 creatures vanquished.

Notes
Turn   | Place    | Note
-------+----------+-------------------------------------------
     0 | D:1      | Duffy the Naga Gladiator began the quest for the Orb.
     0 | D:1      | Reached XP level 1. HP: 19/19 MP: 1/1
    48 | D:1      | Reached XP level 2. HP: 24/26 MP: 2/2
   212 | D:2      | Reached skill level 4 in Axes
   212 | D:2      | Reached XP level 3. HP: 32/32 MP: 3/3
   264 | D:2      | Noticed Sigmund
   264 | D:2      | Noticed Robin
   281 | D:2      | Slain by Sigmund

Vault maps used:
D:1:      co_arrival_square_in_a_square_in_a_square, minmay_misc_feat_tower,
          minmay_nonomino_d4
D:2:      minmay_spotlight, uniq_sigmund, uniq_robin

Skill      XL: |  1  2 |
---------------+-------+-----
Axes           | 4 |  4.2
Fighting       | |  2.0
Throwing       | |  1.7
Dodging        | |  2.4

Action                   || total
-------------------------++-------
Melee: War axe           ||    37
 Abil: Spit Poison       ||     2
  Use: Potion            ||     1
Armor: Leather armour    ||     8
       Ring mail         ||    14
Dodge: Dodged            ||    38

Table legend:
 A = Non-vault XP
 B = Vault XP
 C = Vault XP percentage of total XP
 D = Non-vault monster count
 E = Vault monster count
 F = Vault count percentage of total count
                 A         B        C        D         E       F
            +---------+---------+-------+---------+---------+-------
      Total |      39 |       2 |   4.9 |      11 |       1 |   8.3
            +---------+---------+-------+---------+---------+-------
        D:1 |      20 |       0 |   0.0 |       6 |       0 |   0.0
        D:2 |      19 |       2 |   9.5 |       5 |       1 |  16.7
            +---------+---------+-------+---------+---------+-------
